 Dungeon Crawl Stone Soup version 0.25.1-1-g288607f5aa (webtiles) character file.

Game seed: 7565375000827320116

133 Milting the Skirmisher (level 5, -3/37 HPs)
             Began as an Octopode Transmuter on July 19, 2020.
             Was a Priest of Uskayaw.
             Slain by an orc
             ... wielding a +0 hand axe
              (6 damage)
             ... on level 4 of the Dungeon.
             The game lasted 00:11:21 (3757 turns).

Milting the Skirmisher (Octopode Transmuter)        Turns: 3757, Time: 00:11:22

Health: -3/37      AC:  1    Str: 11    XL:     5   Next: 16%
Magic:  8/8        EV: 14    Int: 15    God:    Uskayaw [***...]
Gold:   218        SH:  0    Dex: 12    Spells: 7/8 levels left

rFire    . . .     SeeInvis .     - Unarmed
rCold    . . .     Gourm    .   (no shield)
rNeg     . . .     Faith    .   (helmet restricted)
rPois    .         Spirit   .   (no amulet)
rElec    .         Reflect  .   (no ring)
rCorr    .         Harm     .   (no ring)
MR       .....                  (no ring)
Stlth    ++........             (no ring)
HPRegen  0.12/turn              (no ring)
MPRegen  0.11/turn              (no ring)
                                (no ring)
                                (no ring)

@: very slightly contaminated, lightly drained
A: almost no armour, stealthy swim, amphibious, 8 rings, constrict 8, camouflage
1, gelatinous body 1
a: Stomp, Line Pass, Renounce Religion


You were on level 4 of the Dungeon.
You worshipped Uskayaw.
Uskayaw was noncommittal.
You were hungry.

You visited 1 branch of the dungeon, and saw 4 of its levels.

You collected 218 gold pieces.

Inventory:

Missiles
 a - 42 arrows
 b - 116 stones (quivered)
 e - 50 poisoned darts
Scrolls
 f - a scroll of fear {unknown}
 g - 2 scrolls of enchant weapon {unknown}
 n - a scroll of random uselessness {unknown}
 o - a scroll of immolation {unknown}
 p - a scroll of remove curse {unknown}
 q - a scroll of identify {unknown}
Potions
 d - 3 potions of curing {unknown}
 h - a potion of brilliance {unknown}
 i - a potion of resistance {unknown}
 j - a potion of lignification {unknown}
 k - a potion of degeneration {unknown}
 l - a potion of invisibility {unknown}
 m - a potion of mutation {unknown}
Comestibles
 c - 10 rations


   Skills:
 * Level 3.9 Fighting
 + Level 3.3(3.2) Dodging
 - Level 3.0(2.9) Unarmed Combat
 - Level 2.0(1.9) Spellcasting
 - Level 2.0(1.9) Transmutations


You had 7 spell levels left.
You knew the following spells:

 Your Spells              Type           Power        Failure   Level  Hunger
a - Beastly Appendage     Tmut           #.....       11%         1    ##.....

Your spell library contained the following spells:

 Spells                   Type           Power        Failure   Level  Hunger
 Sticks to Snakes         Tmut           #.......     16%         2    ###....
 Spider Form              Tmut/Pois      #.........   41%         3    ####...
 Ice Form                 Ice/Tmut       #.......     83%         4    #####..
 Blade Hands              Tmut           #.........   96%         5    ######.


Dungeon Overview and Level Annotations

Branches:
Dungeon (4/15)             Temple (0/1) D:4

Altars:
Elyvilon
Trog
Uskayaw
Zin

Shops:
D:4 }


Innate Abilities, Weirdness & Mutations

You cannot wear most types of armour.
You are very stealthy in the water. (Stealth+)
You are amphibious.
You can wear up to eight rings at the same time.
You can use your tentacles to constrict eight enemies at once.
Your skin changes colour to match your surroundings (Stealth+).
Your rubbery body absorbs attacks. (AC +1, EV +1)


Message History

* * * LOW HITPOINT WARNING * * *
You barely miss the orc. You grab the orc.
You squeeze the orc, but do no damage.
The orc is heavily wounded.
You constrict the orc.
Uskayaw will force your foes to helplessly watch your dance.
Uskayaw prepares the audience for your solo!
The helpless orc fails to defend itself.
You tentacle-slap the orc.
You kill the orc!
The orc is no longer paralysed. x2
You tentacle-slap the orc but do no damage.
Your grab misses the orc. You squeeze the orc.
The orc is moderately wounded.
The orc hits you with a +0 hand axe.
* * * LOW HITPOINT WARNING * * *
You tentacle-slap the orc. Your grab misses the orc.
The orc is severely wounded.
The orc hits you with a +0 hand axe.
You die... #.. #.# ... #.# ..##.# ....# ...# oo#

#o# #@#
#.# #.#
#.# ..#
#.# ..#
#.# ..#
######.#
..#
#......#
..#
#.######


You could see an orc priest and 2 orcs.

Vanquished Creatures
  Terence (D:2)
  A killer bee zombie (D:4)
  An adder (D:2)
  An ooze (D:3)
  2 worms
  A dart slug (D:1)
  3 leopard geckos
  2 orcs (D:4)
  9 bats
  3 giant cockroaches
  5 goblins
  8 hobgoblins
  6 kobolds
  2 quokkas
  6 frilled lizards
  A leopard gecko skeleton (D:4)
  5 rats
57 creatures vanquished.

Notes
Turn   | Place    | Note
-------+----------+-------------------------------------------
     0 | D:1      | Milting the Octopode Transmuter began the quest for the
                  | Orb.
     0 | D:1      | Reached XP level 1. HP: 13/13 MP: 3/3
   247 | D:1      | Reached XP level 2. HP: 18/18 MP: 5/5
  1292 | D:2      | Reached XP level 3. HP: 21/25 MP: 6/6
  1529 | D:2      | Found a hide-covered altar of Uskayaw.
  1529 | D:2      | Noticed a +0 hand axe
  1530 | D:2      | Noticed a +0 hand axe
  1546 | D:2      | Became a worshipper of Uskayaw the Reveler
  1560 | D:2      | Reached * piety under Uskayaw
  1579 | D:2      | Noticed Terence
  1592 | D:2      | Reached ** piety under Uskayaw
  1595 | D:2      | Killed Terence
  1595 | D:2      | Reached XP level 4. HP: 18/31 MP: 5/7
  2828 | D:3      | Found a bloodstained altar of Trog.
  2978 | D:3      | Found a white marble altar of Elyvilon.
  3533 | D:4      | Found a staircase to the Ecumenical Temple.
  3647 | D:4      | Found a glowing silver altar of Zin.
  3684 | D:4      | Found Wungamah's Gadget Shoppe.
  3746 | D:4      | Reached XP level 5. HP: 19/37 MP: 8/8
  3754 | D:4      | Reached *** piety under Uskayaw
  3757 | D:4      | Slain by an orc

Illustrated notes

Levels and vault maps discovered:
D:1:      evilmike_arrival_come_back, layout_basic
D:2:      layout_basic, dancing_weapons_uskayaw, minmay_misc_feat_hallway,
          uniq_terence
D:3:      layout_basic, lemuel_round_altar, lightli_temple_of_fire,
          first_ration, dk_vineyard_1, minmay_misc_feat_rows
D:4:      layout_basic, zin_academy, minmay_temple_entry_overgrown,
          serial_shops, shop

Skill      XL: |  1  2  3  4 |
---------------+-------------+-----
Fighting       | 2 3 |  3.9
Dodging        | 3 |  3.3
Unarmed Combat | |  3.0
Spellcasting   | |  2.0
Transmutations | |  2.0

Action                   |  1- 3 |  4- 6 || total
-------------------------+-------+-------++-------
Melee: Unarmed           |    76 |    66 ||   142
       Constrict         |    18 |    21 ||    39
       Tentacles         |     8 |    19 ||    27
       Punch             |     1 |     1 ||     2
       Kick              |     5 |       ||     5
Throw: Stone             |    12 |    46 ||    58
 Cast: Beastly Appendage |     1 |       ||     1
 Stab: Sleeping          |     6 |     1 ||     7
       Paralysed         |       |     1 ||     1
  Eat: Chunk             |     2 |     6 ||     8
Armor: Skin              |    10 |     6 ||    16
Dodge: Dodged            |    54 |    42 ||    96
